 Dungeon Crawl Stone Soup version 0.30-a0-862-g1aabd4f9c5 (webtiles) character file.

Game seed: 16478220979090661389

1 Esekla the Sneak (level 1, 16/16 HPs)
             Began as an Octopode Delver on Mar 9, 2023.
             Quit the game on level 5 of the Dungeon.
             The game lasted 00:01:15 (92 turns).

Esekla the Sneak (Octopode Delver)                    Turns: 92, Time: 00:01:16

Health: 16/16      AC:  1    Str: 11    XL:     1   Next: 20%
Magic:  1/1        EV: 13    Int: 12    God:
Gold:   33         SH:  0    Dex: 13    Spells: 0/0 levels left

rFire   . . .      SeeInvis .    a - +0 falchion
rCold   . . .      Faith    .    (no shield)
rNeg    . . .      Spirit   .    (helmet restricted)
rPois   .          Reflect  .    (no amulet)
rElec   .          Rampage  .    (no ring)
rCorr   .                        (no ring)
Will    .....                    (no ring)
Stlth   ++++                     (no ring)
HPRegen 0.22/turn                (no ring)
MPRegen 0.07/turn                (no ring)
                                 (no ring)
                                 (no ring)

@: no status effects
A: almost no armour, amphibious, 8 rings, camouflage 1, gelatinous body 1,
(nimble swimmer 1), tentacles
a: no special abilities


You were on level 5 of the Dungeon.
You visited 1 branch of the dungeon, and saw 1 of its levels.

You collected 33 gold pieces.

Inventory:

Hand Weapons
 a - a +0 falchion (weapon)
Wands
 f - a wand of digging (3)
Scrolls
 b - a scroll of fog
 d - a scroll of fear
 g - a scroll of enchant armour {unknown}
Potions
 e - a potion of haste


   Skills:
 * Level 3.0 Fighting
 * Level 2.0 Long Blades
 * Level 2.0 Dodging
 + Level 6.6 Stealth


You couldn't memorise any spells.
You didn't know any spells.
Your spell library contained the following spells:

 Spells                   Type           Power      Damage    Failure   Level
 Iskenderun's Battlesphe  Conj           0%         2d6       100%        5
 Iron Shot                Conj/Erth      0%         9d1       100%        6
 Spellforged Servitor     Conj/Summ      0%         N/A       100%        7


Dungeon Overview and Level Annotations

Branches:
Dungeon (5/15)
 Temple: D:4-7

Altars:

Shops:
D:5 (

Annotations:
D:5 Grinder


Innate Abilities, Weirdness & Mutations

You cannot wear most types of armour.
You are amphibious.
You can wear up to eight rings at the same time.
Your skin changes colour to match your surroundings (Stealth+).
Your rubbery body absorbs attacks. (AC +1, EV +1)
((You are camouflaged when in or above water. (Stealth+)))
You have tentacles for arms and can constrict up to eight enemies at once.


Message History

Welcome, Esekla the Octopode Delver.
Are you destined to find the terrific Orb of Zot, or to die trying?
Press ? for a list of commands and other information.
Found a scroll labelled PUOMO IHAOLAA, a chain mail and 33 gold pieces.
Found an escape hatch in the floor.
Found a stone staircase leading down.
g - a scroll labelled PUOMO IHAOLAA You now have 21 gold pieces.
Found 3 scrolls labelled OPOQ UXKOBIV.
Found a spear.
A hound comes into view.
Found a golden potion.
You see here 12 gold pieces.
You now have 33 gold pieces (gained 12). 3 jackals come into view.
A jackal comes into view.
You hit the jackal.
You kill the jackal!
As you read the scroll of magic mapping, it crumbles to dust.
You feel aware of your surroundings.
You sensed 1 shop/portal.
A scorpion and an ufetubus come into view.
An orc comes into view.
It is wielding a +0 dagger and wearing a +2 leather armour of poison resistance.
Found 12 gold pieces. 3 orcs come into view.
Found a brass ring.
Found 13 gold pieces.
Found a robe.
Found Taom's Weapon Shop.
An ice beast comes into view.
Found a scroll labelled JEDENY EKK and a ring mail.
There is an entrance to Taom's Weapon Shop here.
Grinder comes into view.
Grinder shouts!
You hear a bark!
You hear a shout!
Found a book of Power.
You see here a book of Power.
You pick up a book of Power and begin reading...
You add the spells Iskenderun's Battlesphere, Iron Shot and Spellforged Servitor to your library.
Found a stone staircase leading up.
There is a stone staircase leading up here.
Are you sure you want to abandon this character and quit the game? (Confirm with "yes".)

***,*** *,* *,**,* *,*
*.# *,**,* *,* #.#
*,**,** *,* #.#
*,*,,** *,* #.#
*,*,,** *,* ##.##
*,*,,** *,*
#...#####**,*,,,,
#.####........,,,*,,,,
#....@...#********,...
#######.## #?..[ #.#
*.Y.. #.# ##...$ #.#
#.....
#5#########.#...
#.....5..##.....
########.##.∩.#*
#......##


There were no monsters in sight!

Vanquished Creatures
  A jackal (D:5)
1 creature vanquished.

Notes
Turn   | Place    | Note
-------+----------+-------------------------------------------
     0 | D:5      | Esekla the Octopode Delver began the quest for the Orb.
     0 | D:5      | Reached XP level 1. HP: 16/16 MP: 1/1
    15 | D:5      | Noticed a hound
    55 | D:5      | Noticed a scorpion
    70 | D:5      | Found Taom's Weapon Shop.
    71 | D:5      | Noticed an ice beast
    76 | D:5      | Noticed Grinder
    92 | D:5      | Quit the game

Illustrated notes

Levels and vault maps discovered:
D:5:      layout_loops_ring, serial_shops, nicolae_shop_stone, uniq_grinder

Action                     || total
---------------------------++-------
  Melee: Falchion          ||     1
    Use: Scroll            ||     1

Table legend: (Time is in decaauts)
 A = Elapsed time spent in this place.
 B = Non-inter-level travel time spent in this place.
 C = Inter-level travel time spent in this place.
 D = Time resting spent in this place.
 E = Time spent auto-exploring this place.
 F = Levels seen in this place.
 G = Mean time per level.
                   A        B        C        D        E       F      G
               +--------+--------+--------+--------+--------+-----+--------+
         Total |     92 |     92 |      0 |      0 |      0 |   1 |   92.0 |
       Dungeon |     92 |     92 |      0 |      0 |      0 |   1 |   92.0 |
               +--------+--------+--------+--------+--------+-----+--------+

Top non-repeatable levels by time:
     D:5: 92 daAuts
